 Dungeon Crawl Stone Soup version 0.27-a0-1529-g1e82c303ef (webtiles) character file.

Game seed: 2197680246377628453

147 Spaninq the Poker (level 5, -1/41 HPs)
             Began as a Merfolk Warper on July 11, 2021.
             Slain by a gnoll (5 damage)
             ... on level 4 of the Dungeon.
             The game lasted 00:12:54 (3293 turns).

Spaninq the Poker (Merfolk Warper)                  Turns: 3293, Time: 00:12:54

Health: -1/41      AC:  6    Str: 10 (13) XL:     5   Next: 29%
Magic:  8/8        EV:  6    Int:  9 (12) God:
Gold:   87         SH: 10    Dex: 12 (13) Spells: 6/8 levels left

rFire    . . .     SeeInvis .   a - +0 spear
rCold    . . .     Faith    .   b - +0 tower shield
rNeg     . . .     Spirit   .   l - +0 ring mail
rPois    .         Reflect  .   (no helmet)
rElec    .         Harm     .   h - +0 cloak
rCorr    .         Rampage  .   (no gloves)
Will     .....                  (no boots)
Stlth    +.........             (no amulet)
HPRegen  0.13/turn              (no ring)
MPRegen  0.11/turn              (no ring)

@: attractive
A: (nimble swimmer 2), mertail
a: no special abilities


You were on level 4 of the Dungeon.
You visited 1 branch of the dungeon, and saw 4 of its levels.

You collected 87 gold pieces.

Inventory:

Hand Weapons
 a - a +0 spear (weapon)
Missiles
 d - 5 boomerangs of dispersal (quivered)
Armour
 b - a +0 tower shield (worn)
 h - a +0 cloak (worn)
 l - a +0 ring mail (worn)
Jewellery
 j - a ring of ice
 r - an amulet of faith
Wands
 q - a wand of charming (5)
Scrolls
 c - a scroll of blinking
 e - a scroll of enchant weapon {unknown}
 g - a scroll of noise {unknown}
 k - a scroll of acquirement {unknown}
 m - a scroll of identify {unknown}
 n - 2 scrolls of teleportation {unknown}
 o - a scroll of summoning {unknown}
Potions
 f - a potion of degeneration
 i - a potion of heal wounds {unknown}
 p - 2 potions of magic {unknown}
 s - 2 potions of attraction


   Skills:
 + Level 3.3 Fighting
 * Level 5.8 Polearms
 - Level 1.0 Throwing
 - Level 0.6 Armour
 + Level 4.1 Dodging
 + Level 0.7 Shields
 - Level 2.0 Spellcasting
 - Level 2.4 Translocations


You had 6 spell levels left.
You knew the following spells:

 Your Spells              Type           Power      Damage    Failure   Level
a - Blink                 Tloc           N/A        N/A       100%        2

Your spell library contained the following spells:

 Spells                   Type           Power      Damage    Failure   Level
 Beastly Appendage        Tmut           0%         N/A       100%        1
 Wereblood                Tmut           0%         N/A       100%        2
 Gell's Gravitas          Tloc           2%         N/A       100%        3
 Inner Flame              Hex/Fire       0%         N/A       100%        3
 Lesser Beckoning         Tloc           2%         N/A       100%        3
 Spider Form              Tmut/Pois      0%         N/A       100%        3
 Teleport Other           Tloc           5%         N/A       100%        3
 Cause Fear               Hex            0%         N/A       100%        4
 Manifold Assault         Tloc           5%         N/A       100%        5
 Discord                  Hex            0%         N/A       100%        8


Dungeon Overview and Level Annotations

Branches:
Dungeon (4/15)
 Temple: D:4-7

Altars:

Annotations:
D:3 Terence


Innate Abilities, Weirdness & Mutations

((You are quick and stealthy near water. (Stealth+, EV+, Speed+++)))
Your lower body shifts to a powerful aquatic tail in water.


Message History

You hit the gnoll.
The gnoll is lightly wounded.
The gnoll barely misses you. You block the gnoll's attack.
You closely miss the gnoll.
The gnoll is lightly wounded.
The gnoll hits you with a +0 whip.
You hit the gnoll.
The gnoll is lightly wounded.
You block the gnoll's attack.
You hit the gnoll but do no damage.
The gnoll is lightly wounded.
You block the gnoll's attack. The gnoll hits you with a +0 whip.
* * * LOW HITPOINT WARNING * * *
You hit the gnoll.
The gnoll is moderately wounded.
You block the gnoll's attack.
You hit the gnoll.
The gnoll is heavily wounded.
The gnoll hits you but does no damage.
You closely miss the gnoll.
The gnoll is heavily wounded.
You block the gnoll's attack. x2
You hit the gnoll.
The gnoll is heavily wounded.
The gnoll barely misses you.
You closely miss the gnoll.
The gnoll is heavily wounded.
The gnoll barely misses you.
You barely miss the gnoll.
The gnoll is heavily wounded.
The gnoll hits you with a +0 whip!
* * * LOW HITPOINT WARNING * * *
It was a potion of attraction.
You feel attractive to monsters. The gnoll barely misses you.
It was a potion of degeneration.
There was something very wrong with that liquid.
You feel weakened.
You feel dopey.
You feel clumsy. The gnoll hits you with a +0 whip.
You die...

#.# .# .#.. ..#
#####.#.# ###.#
........ ..#.#
#....#.###.#.#
#....#.#...#.#
#....#.#.#.#.####.##
#...##.#.#..........
#...@g...#.#.####.#
#.<###...#........#
#.## ###.#...#.#..#
#. #.#.#...#..## ##
#.##...>.......#
#......#........
#..###.........#
....g #.######..#
..g.. #.. ..#


You could see a gnoll.

Vanquished Creatures
  4 gnolls
  2 adders (D:2)
  3 dart slugs
  3 orcs (D:3)
  9 endoplasms
  3 giant cockroaches
  8 goblins
  9 hobgoblins
  5 jackals (D:3)
  A quokka (D:2)
  3 ball pythons
  7 bats
  8 frilled lizards
  5 kobolds
  8 rats
78 creatures vanquished.

Notes
Turn   | Place    | Note
-------+----------+-------------------------------------------
     0 | D:1      | Spaninq the Merfolk Warper began the quest for the Orb.
     0 | D:1      | Reached XP level 1. HP: 16/16 MP: 3/3
   275 | D:1      | Reached XP level 2. HP: 23/23 MP: 5/5
   677 | D:1      | Reached skill level 4 in Polearms
   772 | D:1      | Reached XP level 3. HP: 28/28 MP: 6/6
   910 | D:1      | Learned a level 2 spell: Blink
  1677 | D:2      | Reached XP level 4. HP: 32/35 MP: 7/7
  1837 | D:2      | Reached skill level 5 in Polearms
  2426 | D:3      | Noticed Terence
  3125 | D:3      | Reached XP level 5. HP: 36/41 MP: 8/8
  3293 | D:4      | Slain by a gnoll

Illustrated notes

Levels and vault maps discovered:
D:1:      ncdulo_wetmaze, layout_basic
D:2:      layout_loops_ring
D:3:      layout_rooms, minmay_unequal, uniq_terence
D:4:      layout_basic, chequers_arboretum, minmay_ruptured

Skill      XL: |  1  2  3  4  5 |
---------------+----------------+-----
Dodging        | 3 4 |  4.1
Polearms       | 4 5 |  5.8
Fighting       | 3 |  3.3
Throwing       | |  1.0
Armour         | |  0.6
Shields        | |  0.7
Spellcasting   | |  2.0
Translocations | |  2.4

Action                   |  1- 3 |  4- 6 || total
-------------------------+-------+-------++-------
Melee: Spear             |   150 |   193 ||   343
  Use: Potion            |       |     2 ||     2
Armor: Leather armour    |    25 |     1 ||    26
       Ring mail         |       |    55 ||    55
Dodge: Dodged            |    61 |    60 ||   121
Block: Tower shield      |       |    56 ||    56

Table legend: (Time is in decaauts)
 A = Elapsed time spent in this place.
 B = Non-inter-level travel time spent in this place.
 C = Inter-level travel time spent in this place.
 D = Time resting spent in this place.
 E = Time spent auto-exploring this place.
 F = Levels seen in this place.
 G = Mean time per level.
                   A        B        C        D        E       F      G
               +--------+--------+--------+--------+--------+-----+--------+
         Total |   3306 |   3217 |     89 |    369 |   1985 |   4 |  826.5 |
       Dungeon |   3306 |   3217 |     89 |    369 |   1985 |   4 |  826.5 |
               +--------+--------+--------+--------+--------+-----+--------+

Top non-repeatable levels by time:
     D:1: 1244 daAuts
     D:2: 1154 daAuts
     D:3: 826 daAuts
     D:4: 80 daAuts
